 Dungeon Crawl Stone Soup version 0.29-a0-284-gf9362112df (webtiles) character file.

Game seed: 16385849966629573085

13534 hellse the Spear-Bearer (level 11, -9/101 HPs)
             Began as a Minotaur Hunter on Mar 16, 2022.
             Was a High Priest of Okawaru.
             Mangled by a boulder beetle (17 damage)
             ... on level 11 of the Dungeon on Mar 17, 2022.
             The game lasted 00:13:17 (9323 turns).

hellse the Spear-Bearer (Minotaur Hunter)           Turns: 9323, Time: 00:13:17

Health: -9/101     AC: 11    Str: 19    XL:     11   Next: 76%
Magic:  8/10       EV: 16    Int:  6    God:    Okawaru [*****.]
Gold:   625        SH:  0    Dex: 15    Spells: 10/10 levels left

rFire   + . .      SeeInvis +   a - +7 trident of the Eternal Void {vorpal, rElec}
rCold   . . .      Faith    .   (no shield)
rNeg    . . .      Spirit   .   B - +4 ring mail "Giar" {rPois rF+ Regen+}
rPois   +          Reflect  .   (helmet restricted)
rElec   +          Harm     .   F - scarf {+Inv}
rCorr   .          Rampage  .   (no gloves)
Will    .....                   (no boots)
Stlth   ++........              v - amulet of regeneration
HPRegen 1.86/turn               f - ring of poison resistance
MPRegen 0.12/turn               J - ring of see invisible

@: heroic
A: horns 2, retaliatory headbutt
a: Renounce Religion, Evoke Invisibility, Heroism, Finesse, Duel


You were on level 11 of the Dungeon.
You worshipped Okawaru.
Okawaru was extremely pleased with you.
You visited 2 branches of the dungeon, and saw 12 of its levels.

You collected 625 gold pieces.

Inventory:

Hand Weapons
 a - the +7 trident of the Eternal Void (weapon) {vorpal, rElec}
   (You found it on level 2 of the Dungeon)

   It inflicts extra damage upon your enemies.
   rElec:     It insulates you from electricity.
 b - a +1 hand crossbow
Armour
 g - a +0 cloak
 A - +0 acid dragon scales
 B - the +4 ring mail "Giar" (worn) {rPois rF+ Regen+}
   (You found it on level 5 of the Dungeon)

   rF:        It protects you from fire.
   rPois:     It protects you from poison.
   Regen:     It increases your rate of health regeneration.
 F - a scarf of invisibility (worn)
 I - the +5 ring mail "Gabef" {rF+ Str+7}
   (Okawaru gifted it to you on level 9 of the Dungeon)

   Str:       It affects your strength (+7).
   rF:        It protects you from fire.
Jewellery
 f - a ring of poison resistance (left hand)
 v - an amulet of regeneration (around neck)
 y - a ring of ice
 J - a ring of see invisible (right hand)
Wands
 w - a wand of iceblast (10)
 H - a wand of flame (28)
Scrolls
 c - 2 scrolls of immolation
 d - 6 scrolls of teleportation
 e - 3 scrolls of enchant weapon {unknown}
 i - 2 scrolls of torment
 j - 2 scrolls of enchant armour
 q - 2 scrolls of amnesia
 r - a scroll of magic mapping
 D - a scroll of blinking {unknown}
 E - a scroll of noise {unknown}
 G - a scroll of vulnerability
 K - a scroll of holy word {unknown}
 L - a scroll of fog {unknown}
Potions
 h - 3 potions of curing
 k - 7 potions of resistance {unknown}
 l - 2 potions of brilliance {unknown}
 m - a potion of attraction
 n - 2 potions of berserk rage {unknown}
 o - 3 potions of cancellation {unknown}
 p - 2 potions of magic {unknown}
 s - 2 potions of heal wounds {unknown}
 t - 3 potions of degeneration {unknown}
 u - 3 potions of ambrosia {unknown}
 x - 2 potions of lignification {unknown}
 z - a potion of mutation {unknown}
 C - a potion of haste {unknown}


   Skills:
 - Level 10.3(15.3) Fighting
 - Level 14.0(19.0) Polearms
 + Level 11.5(16.5) Crossbows
 - Level 7.6(12.6) Armour
 - Level 5.3(10.3) Dodging
 - Level 0.7(5.7) Stealth


You had 10 spell levels left.
You didn't know any spells.
Your spell library contained the following spells:

 Spells                   Type           Power      Damage    Failure   Level
 Pain                     Necr           0%         1d4       58%         1
 Corpse Rot               Necr/Air       0%         N/A       75%         2
 Poisonous Vapours        Pois/Air       0%         N/A       75%         2
 Portal Projectile        Hex/Tloc       0%         N/A       92%         3
 Vampiric Draining        Necr           0%         2d6       92%         3
 Blade Hands              Tmut           0%         N/A       100%        5
 Excruciating Wounds      Necr           0%         N/A       100%        5
 Orb of Destruction       Conj           0%         9d5       100%        7
 Animate Skeleton         Necr           Unusable   N/A       N/A         1
 Summon Guardian Golem    Hex/Summ       Unusable   N/A       N/A         3
 Spellforged Servitor     Conj/Summ      Unusable   N/A       N/A         7

Dungeon Overview and Level Annotations

Branches:
Dungeon (11/15)            Temple (1/1) D:4            Lair (0/6) D:10
    Orc: D:9-12

Altars:
Ashenzari
Cheibriados
Dithmenos
Elyvilon
Fedhas
Gozag
Hepliaklqana
Kikubaaqudgha
Makhleb
Nemelex Xobeh
Okawaru
Qazlal
Ru
Sif Muna
Trog
Uskayaw
Vehumet
Wu Jian
Xom
Yredelemnul
Zin
The Shining One

Shops:
D:1 *   D:5 :   D:8 [

Portals:
Trove: D:10 (give +6 demon whip)


Innate Abilities, Weirdness & Mutations

You have a pair of horns on your head.
You reflexively headbutt those who attack you in melee.


Message History

The boulder beetle bites you but does no damage.
You hit the boulder beetle but do no damage.
The boulder beetle is heavily wounded.
You hit the boulder beetle but do no damage.
You headbutt the boulder beetle! Your punch misses the boulder beetle.
The boulder beetle is heavily wounded.
The boulder beetle bites you!!
You are too injured to fight recklessly!
You are too injured to fight recklessly!
You hit the boulder beetle.
You headbutt the boulder beetle, but do no damage.
The boulder beetle is heavily wounded.
You hit the boulder beetle but do no damage.
You headbutt the boulder beetle, but do no damage.
The boulder beetle is heavily wounded.
The boulder beetle bites you!!
* * * LOW HITPOINT WARNING * * *
You puncture the boulder beetle!
You headbutt the boulder beetle, but do no damage.
The boulder beetle is severely wounded.
The boulder beetle closely misses you. You furiously retaliate!
You headbutt the boulder beetle.
You hit the boulder beetle but do no damage.
The boulder beetle is severely wounded.
You hit the boulder beetle but do no damage.
You headbutt the boulder beetle, but do no damage.
The boulder beetle is severely wounded.
The boulder beetle bites you!!
* * * LOW HITPOINT WARNING * * *
Okay, then.
Okay, then.
Okay, then.
You gain the combat prowess of a mighty hero.
The boulder beetle barely misses you.
You completely miss the boulder beetle. You headbutt the boulder beetle.
The boulder beetle is severely wounded.
You hit the boulder beetle.
The boulder beetle is almost dead.
The boulder beetle bites you!
You die...

..........###... #
.............# .
#..........## .
#........## ..
##.........###..
#..###..........
##.####........#.
###†..##.).#≈≈≈≈§≈.
###.@B......#§≈≈≈≈≈§§
#...##.....#≈§≈.#.§≈§
......######...≈≈≈...#..≈
#.... #...≈≈..###..≈ #...
##..≈≈..#().≈≈ #..
#...≈§§..#.§≈≈ #.
.....#§§≈≈≈≈≈§# #
......#§≈≈≈≈§§.
..>.........#..


You could see a boulder beetle.

Vanquished Creatures
  Erolcha (D:9)
  2 two-headed ogres
  Pikel (D:8)
  Maurice (D:8)
  Joseph (D:8)
  Maggie (D:6)
  A komodo dragon (D:10)
  The ghost of IdlyInterested the Caller, an amateur DsSu (D:4)
  Sigmund (D:2)
  3 centaur simulacra (D:10)
  A shadow (D:10)
  3 wraiths
  10 yaks
  A vampire (D:10)
  5 wyverns
  2 basilisks (D:10)
  5 steam dragons
  7 vampire mosquitoes
  2 acid dragons (D:10)
  2 water moccasins
  Edmund (D:4)
  Duvessa (D:5)
  An ice beast (D:3)
  3 sky beasts (D:11)
  4 orc warriors
  3 ogres
  3 wolves (D:10)
  5 centaurs
  A lemure (D:8)
  3 phantoms
  3 kobold brigands (D:9)
  7 scorpions
  5 bullfrogs
  2 necrophages
  7 wights
  Dowan (D:5)
  An electric eel (D:10)
  3 howler monkeys
  3 hounds
  4 orc priests
  Jessica (D:2)
  4 iguanas
  3 orc wizards
  8 gnolls
  7 adders
  A shadow imp (D:6)
  A white imp (D:10)
  A howler monkey simulacrum (D:10)
  2 ufetubi (D:10)
  2 dart slugs
  20 orcs
  5 ball pythons
  A bat (D:2)
  A bat zombie (D:7)
  8 endoplasms
  3 giant cockroaches
  3 goblins
  4 hobgoblins
  6 jackals
  A quokka (D:4)
  2 frilled lizards
  24 kobolds
  6 rats
  2 rat zombies (D:7)
228 creatures vanquished.

Vanquished Creatures (others)
  2 withered plants (D:4)
2 creatures vanquished.

Grand Total: 230 creatures vanquished

Notes
Turn   | Place    | Note
-------+----------+-------------------------------------------
     0 | D:1      | hellse the Minotaur Hunter began the quest for the Orb.
     0 | D:1      | Reached XP level 1. HP: 18/18 MP: 0/0
   124 | D:1      | Reached XP level 2. HP: 25/25 MP: 1/1
   133 | D:1      | Reached skill level 5 in Crossbows
   245 | D:1      | Found Zusatedgh's General Store.
   837 | D:1      | Reached XP level 3. HP: 30/30 MP: 2/2
  1125 | D:2      | Identified the +7 trident of the Eternal Void {vorpal,
                  | rElec}
  1274 | D:2      | Noticed Sigmund
  1289 | D:2      | Killed Sigmund
  1290 | D:2      | Reached skill level 5 in Polearms
  1290 | D:2      | Reached XP level 4. HP: 28/37 MP: 3/3
  1290 | D:2      | Reached XP level 5. HP: 32/42 MP: 4/4
  1411 | D:2      | Found a radiant altar of Vehumet.
  1423 | D:2      | Noticed Jessica
  1427 | D:2      | Killed Jessica
  1776 | D:3      | Noticed a centaur
  1781 | D:3      | Killed a centaur
  1782 | D:3      | Reached skill level 6 in Polearms
  1782 | D:3      | Reached XP level 6. HP: 26/50 MP: 5/5
  1929 | D:4      | Found a staircase to the Ecumenical Temple.
  2035 | D:4      | Noticed Edmund
  2046 | D:4      | Killed Edmund
  2047 | D:4      | Reached skill level 7 in Polearms
  2066 | Temple   | Entered the Ecumenical Temple
  2115 | Temple   | Became a worshipper of Warmaster Okawaru
  2194 | D:3      | Noticed an ice beast
  2203 | D:3      | Killed an ice beast
  2204 | D:3      | Reached XP level 7. HP: 36/56 MP: 6/6
  2368 | D:3      | Found a shimmering altar of Xom.
  2635 | D:3      | Found a faded altar of an unknown god.
  2640 | D:3      | You fall into a shaft and drop 3 floors!
  2701 | D:6      | Found a white marble altar of Elyvilon.
  2709 | D:6      | Noticed Maggie
  2720 | D:6      | Killed Maggie
  2720 | D:6      | Reached * piety under Okawaru
  3036 | D:6      | Reached XP level 8. HP: 48/73 MP: 7/7
  3117 | D:6      | Reached skill level 8 in Polearms
  3133 | D:5      | Entered Level 5 of the Dungeon
  3199 | D:5      | Reached ** piety under Okawaru
  3200 | D:5      | Reached skill level 9 in Polearms
  3368 | D:4      | Found a runed translucent door.
  3398 | D:4      | Reached skill level 10 in Polearms
  3769 | D:4      | Found a hide-covered altar of Uskayaw.
  4109 | D:4      | Noticed IdlyInterested's ghost (amateur DsSu)
  4240 | D:4      | Killed IdlyInterested's ghost
  4241 | D:4      | Reached skill level 11 in Polearms
  4300 | D:5      | Found Wigrink's Book Boutique.
  4430 | D:5      | Reached *** piety under Okawaru
  4431 | D:5      | Reached XP level 9. HP: 79/79 MP: 8/8
  4474 | D:5      | Noticed Dowan
  4474 | D:5      | Noticed Duvessa
  4486 | D:5      | Killed Dowan
  4506 | D:5      | Killed Duvessa
  4507 | D:5      | Reached skill level 12 in Polearms
  4508 | D:5      | Identified the +4 ring mail "Giar" {rPois rF+ Regen+}
  5158 | D:6      | Reached skill level 13 in Polearms
  5618 | D:7      | Found an ancient bone altar of Kikubaaqudgha.
  5662 | D:7      | Reached **** piety under Okawaru
  5948 | D:7      | Reached skill level 14 in Polearms
  5989 | D:7      | Found a radiant altar of Vehumet.
  6405 | D:8      | Noticed Maurice
  6476 | D:8      | Killed Maurice
  6476 | D:8      | Received a gift from Okawaru
  6508 | D:8      | Reached XP level 10. HP: 91/91 MP: 9/9
  6578 | D:8      | Noticed a two-headed ogre
  6587 | D:8      | Killed a two-headed ogre
  6588 | D:8      | Reached skill level 10 in Fighting
  6694 | D:8      | Reached skill level 1 in Armour
  6941 | D:8      | Noticed Joseph
  6953 | D:8      | Killed Joseph
  6953 | D:8      | Received a gift from Okawaru
  6953 | D:8      | Reached ***** piety under Okawaru
  6959 | D:8      | Found Kaohumin's Armour Shop.
  7159 | D:8      | Noticed Pikel
  7176 | D:8      | Killed Pikel
  7420 | D:9      | Received a gift from Okawaru
  7484 | D:9      | Found a sparkling altar of Nemelex Xobeh.
  7491 | D:9      | Noticed Erolcha
  7509 | D:9      | Killed Erolcha
  7509 | D:9      | Received a gift from Okawaru
  7510 | D:9      | Reached skill level 5 in Dodging
  7748 | D:9      | Reached XP level 11. HP: 99/101 MP: 10/10
  7862 | D:9      | Found a glowing silver altar of Zin.
  7863 | D:9      | Found a bloodstained altar of Trog.
  7864 | D:9      | Found an ornate altar of the Wu Jian Council.
  7865 | D:9      | Found a broken altar of Ashenzari.
  7869 | D:9      | Noticed a two-headed ogre
  7878 | D:9      | Killed a two-headed ogre
  7878 | D:9      | Identified the +5 ring mail "Gabef" {rF+ Str+7} (Okawaru
                  | gifted it to you on level 9 of the Dungeon)
  7878 | D:9      | Received a gift from Okawaru
  8113 | D:10     | Entered Level 10 of the Dungeon
  8551 | D:10     | Found a staircase to the Lair.
  8830 | D:10     | Found a portal to a secret trove of treasure.
  8917 | D:10     | Reached skill level 10 in Crossbows
  9297 | D:11     | Noticed a boulder beetle
  9320 | D:11     | HP: 4/101 [boulder beetle (25)]
  9323 | D:11     | Mangled by a boulder beetle

Illustrated notes

Levels and vault maps discovered:
D:1:      lemuel_arrival_rhombus, layout_basic, serial_shops,
          nicolae_diamond_shop
D:2:      layout_loops_ring, basic_altar, uniq_sigmund, uniq_jessica
D:3:      layout_basic, mainiacjoe_overflow_tiny_flanked,
          shapermc_ecumenical_altar_mp_highgroup
D:4:      layout_cave_pods, mainiacjoe_overflow_paths, temple_pool_b,
          gammafunk_ghost_grave, uniq_edmund
D:5:      layout_loops_corners, serial_shops, nicolae_square_shop, uniq_duvessa
D:6:      dreamdust_elfheim, layout_loops_ring, elyvilon_altar_1,
          minmay_crystal_room, uniq_maggie
D:7:      layout_basic, lemuel_zombie_altar_kikubaaqudgha,
          nicolae_vehumet_altar_sigil
D:8:      layout_cave_pods, serial_shops, shop, uniq_maurice, uniq_pikel,
          uniq_joseph
D:9:      layout_loops_ring, chequers_temple_overflow_statue_of_worship,
          mainiacjoe_overflow_24_doors, uniq_erolcha
D:10:     layout_rooms, erik_lair_dragon, enter_trove_0, serial_ice,
          serial_ice_k, serial_ice_e, serial_ice_d, serial_ice_o
D:11:     layout_layer_cave, orc_0_dummy, hangedman_misty_isle
Temple:   nicolae_temple_hex_pool

Skill      XL: |  1  2  3  4  5  6  7  8  9 10 11 |
---------------+----------------------------------+-----
Crossbows      | 5 6 11 | 11.5
Polearms       | 5 6 7 11 14 | 14.0
Fighting       | 7 9 10 | 10.3
Armour         | 7 |  7.6
Dodging        | 5 |  5.3
Stealth        | |  0.7

Action                   |  1- 3 |  4- 6 |  7- 9 | 10-12 || total
-------------------------+-------+-------+-------+-------++-------
Melee: Trident           |    12 |    22 |   246 |   355 ||   635
       Headbutt          |     1 |       |    44 |    52 ||    97
       Punch             |       |     1 |     1 |     7 ||     9
 Fire: Hand crossbow     |    84 |       |     5 |    13 ||   102
Invok: Heroism           |       |       |     1 |     1 ||     2
Evoke: Wand              |       |       |       |     2 ||     2
  Use: Scroll            |       |       |     5 |     2 ||     7
 Stab: Distracted        |       |       |     1 |       ||     1
       Sleeping          |       |       |     1 |       ||     1
Armor: Leather armour    |    15 |     4 |     8 |       ||    27
       Chain mail        |       |       |    13 |       ||    13
       Ring mail         |       |       |    28 |    58 ||    86
Dodge: Dodged            |    35 |     9 |    53 |   105 ||   202

Table legend: (Time is in decaauts)
 A = Elapsed time spent in this place.
 B = Non-inter-level travel time spent in this place.
 C = Inter-level travel time spent in this place.
 D = Time resting spent in this place.
 E = Time spent auto-exploring this place.
 F = Levels seen in this place.
 G = Mean time per level.
                   A        B        C        D        E       F      G
               +--------+--------+--------+--------+--------+-----+--------+
         Total |   9161 |   8824 |    337 |    648 |   6726 |  12 |  763.4 |
       Dungeon |   9092 |   8775 |    317 |    648 |   6688 |  11 |  826.5 |
        Temple |     69 |     49 |     20 |      0 |     38 |   1 |   69.0 |
               +--------+--------+--------+--------+--------+-----+--------+

Top non-repeatable levels by time:
     D:6: 964 daAuts
    D:10: 933 daAuts
     D:3: 927 daAuts
     D:4: 891 daAuts
     D:5: 888 daAuts
     D:2: 877 daAuts
     D:8: 870 daAuts
     D:1: 863 daAuts
     D:7: 854 daAuts
     D:9: 819 daAuts
    D:11: 201 daAuts
  Temple: 69 daAuts
